MLB
MINNESOTA TWINS @ CLEVELAND GUARDIANS
08/27/2047
 
TOP OF THE 1ST
Minnesota Twins batting - Pitching for Cleveland Guardians : RHP Ben Cole
Pitching: RHP Ben Cole
Batting: RHB J.J. Powers 0-0: Ball
1-0: Ball
2-0: Swinging Strike
2-1: Ball
3-1: Base on Balls
Batting: RHB Miguel Diaz 0-0: Swinging Strike
0-1: Ball
1-1: Ball
2-1: Foul Ball, location: 2F
2-2: Fly out, F6 (Line Drive, 6, EV 73.1 MPH)
Lined into DP, 6-3 (Line Drive, 6, EV 69.4 MPH)
Batting: RHB Hildo Pot 0-0: Ball
1-0: Called Strike
1-1: Swinging Strike
1-2: Ground out 5-3 (Groundball, 5, EV 84.4 MPH)
Top of the 1st over - 0 runs, 0 hits, 0 errors, 0 left on base; Minnesota 0 - Cleveland 0
BOTTOM OF THE 1ST
Cleveland Guardians batting - Pitching for Minnesota Twins : RHP Gerbrand van de Bilt
Pitching: RHP Gerbrand van de Bilt
Batting: LHB Hector Pedroso 0-0: Foul Ball, location: 2F
0-1: Called Strike
0-2: Ball
1-2: Ball
2-2: Ground out U3 (Groundball, 3, EV 91.9 MPH)
Batting: LHB Arvin Dungca 0-0: Foul Ball, location: 2F
0-1: Swinging Strike
0-2: Foul Ball, location: 2F
0-2: Strikes out looking
Batting: LHB Danny Dunham 0-0: Ball
1-0: Called Strike
1-1: Foul Ball, location: 2F
1-2: DOUBLE (Flyball, 8LXD, EV 97.5 MPH)
Batting: RHB Nick Ogle 0-0: Ground out 5-3 (Groundball, 5, EV 93.8 MPH)
Bottom of the 1st over - 0 runs, 1 hit, 0 errors, 1 left on base; Minnesota 0 - Cleveland 0
TOP OF THE 2ND
Minnesota Twins batting - Pitching for Cleveland Guardians : RHP Ben Cole
Batting: RHB Steve Jordan 0-0: Called Strike
0-1: Swinging Strike
0-2: Strikes out swinging
Batting: LHB Chaim Huting 0-0: Called Strike
0-1: Foul Ball, location: 2F
0-2: Ball
1-2: Strikes out swinging
Batting: RHB Austin Mickelson 0-0: Called Strike
0-1: SINGLE (Line Drive, 5D, EV 95.0 MPH)
Batting: SHB Bran Stark 0-0: Called Strike
0-1: Ball
1-1: Called Strike
1-2: Fielders Choice at 2nd, 6-4 (Groundball, 6, EV 103.8 MPH)
Top of the 2nd over - 0 runs, 1 hit, 0 errors, 1 left on base; Minnesota 0 - Cleveland 0
BOTTOM OF THE 2ND
Cleveland Guardians batting - Pitching for Minnesota Twins : RHP Gerbrand van de Bilt
Batting: RHB Hiroshige Yamada 0-0: Foul Ball, location: 2F
0-1: Foul Ball, location: 2F
0-2: Ball
1-2: Foul Ball, location: 2F
1-2: Foul Ball, location: 2F
1-2: Strikes out swinging
Batting: RHB Jasper Burd 0-0: Called Strike
0-1: Ball
1-1: Ground out 6-3 (Groundball, 6, EV 85.6 MPH)
Batting: RHB Christian Blue 0-0: Fly out, F8 (Flyball, 8LD, EV 86.9 MPH)
Bottom of the 2nd over - 0 runs, 0 hits, 0 errors, 0 left on base; Minnesota 0 - Cleveland 0
TOP OF THE 3RD
Minnesota Twins batting - Pitching for Cleveland Guardians : RHP Ben Cole
Batting: RHB José Molina 0-0: Ball
1-0: Fly out, F8 (Flyball, 8RXD, EV 87.5 MPH)
Batting: RHB Alex Sandoval 0-0: Ball
1-0: SINGLE (Flyball, 8RS, EV 95.0 MPH)
Batting: RHB J.J. Powers 0-0: Ball
1-0: Ball
2-0: Grounds into double play, 5-4-3 (Groundball, 56, EV 104.4 MPH)
Top of the 3rd over - 0 runs, 1 hit, 0 errors, 0 left on base; Minnesota 0 - Cleveland 0
BOTTOM OF THE 3RD
Cleveland Guardians batting - Pitching for Minnesota Twins : RHP Gerbrand van de Bilt
Batting: RHB Cody Flowers 0-0: Ball
1-0: Called Strike
1-1: Foul Ball, location: 2F
1-2: Ball
2-2: Strikes out swinging
Batting: RHB Rick O'Reilly 0-0: Ground out 6-3 (Groundball, 56, EV 101.2 MPH)
Batting: LHB Hector Pedroso 0-0: Ball
1-0: Ball
2-0: SINGLE (Line Drive, 8LS, EV 104.4 MPH)
Batting: LHB Arvin Dungca 0-0: Swinging Strike
0-1: Called Strike
0-2: Fly out, F7 (Flyball, 7S, EV 91.9 MPH)
Bottom of the 3rd over - 0 runs, 1 hit, 0 errors, 1 left on base; Minnesota 0 - Cleveland 0
TOP OF THE 4TH
Minnesota Twins batting - Pitching for Cleveland Guardians : RHP Ben Cole
Batting: RHB Miguel Diaz 0-0: Ball
1-0: Called Strike
1-1: Ball
2-1: Ball
3-1: Base on Balls
Batting: RHB Hildo Pot 0-0: Called Strike
0-1: SINGLE (Groundball, 6MD, EV 104.4 MPH)
Miguel Diaz to second
Runner from 2nd tries for 3rd, SAFE, throw by CF made to third
Batting: RHB Steve Jordan 0-0: Ball
1-0: TRIPLE (Flyball, 78XD, EV 96.9 MPH)
Miguel Diaz scores
Hildo Pot scores
Batting: LHB Chaim Huting 0-0: Called Strike
0-1: SINGLE (Groundball, 4MD, EV 95.0 MPH)
Steve Jordan scores
Batting: RHB Austin Mickelson 0-0: Ball
1-0: Ball
2-0: Foul Ball, location: 2F
2-1: Ball
3-1: Foul Ball, location: 2F
3-2: Foul Ball, location: 2F
3-2: Foul Ball, location: 2F
3-2: Foul Ball, location: 2F
3-2: Base on Balls
Chaim Huting to second
Batting: SHB Bran Stark 0-0: Called Strike
0-1: Ball
1-1: Called Strike
1-2: Ball
2-2: Strikes out swinging
Batting: RHB José Molina 0-0: Ball
1-0: Foul Ball, location: 2F
1-1: Grounds into double play, 6-4-3 (Groundball, 6, EV 87.5 MPH)
Top of the 4th over - 3 runs, 3 hits, 0 errors, 1 left on base; Minnesota 3 - Cleveland 0
BOTTOM OF THE 4TH
Cleveland Guardians batting - Pitching for Minnesota Twins : RHP Gerbrand van de Bilt
Batting: LHB Danny Dunham 0-0: Swinging Strike
0-1: Ball
1-1: Ball
2-1: Foul Ball, location: 2F
2-2: Fly out, F5 (Line Drive, 56, EV 68.1 MPH)
Batting: RHB Nick Ogle 0-0: Ball
1-0: Fly out, F9 (Flyball, 9D, EV 95.6 MPH)
Batting: RHB Hiroshige Yamada 0-0: Swinging Strike
0-1: Swinging Strike
0-2: Ground out 6-3 (Groundball, 6, EV 106.9 MPH)
Bottom of the 4th over - 0 runs, 0 hits, 0 errors, 0 left on base; Minnesota 3 - Cleveland 0
TOP OF THE 5TH
Minnesota Twins batting - Pitching for Cleveland Guardians : RHP Ben Cole
Batting: RHB Alex Sandoval 0-0: Swinging Strike
0-1: Ball
1-1: SINGLE (Line Drive, 8RS, EV 100.0 MPH)
Batting: RHB J.J. Powers 0-0: Ball
1-0: Ball
Alex Sandoval is caught stealing 2nd base 2-4
2-0: Ball
3-0: Called Strike
3-1: Base on Balls
Batting: RHB Miguel Diaz 0-0: Ball
1-0: Called Strike
1-1: DOUBLE (Line Drive, 89XD, EV 108.8 MPH)
J.J. Powers to third
Batting: RHB Hildo Pot 0-0: Ball
1-0: Called Strike
1-1: Ball
2-1: Ball
3-1: Foul Ball, location: 2F
3-2: Strikes out looking
Batting: RHB Steve Jordan 0-0: Called Strike
0-1: Ball
1-1: Ball
2-1: Ball
3-1: Base on Balls
Batting: LHB Chaim Huting 0-0: Ball
1-0: Called Strike
1-1: Swinging Strike
1-2: Strikes out swinging
Top of the 5th over - 0 runs, 2 hits, 0 errors, 3 left on base; Minnesota 3 - Cleveland 0
BOTTOM OF THE 5TH
Cleveland Guardians batting - Pitching for Minnesota Twins : RHP Gerbrand van de Bilt
Batting: RHB Jasper Burd 0-0: Ground out 6-3 (Groundball, 6, EV 101.9 MPH)
Batting: RHB Christian Blue 0-0: Called Strike
0-1: Ball
1-1: Fly out, F7 (Flyball, 78S, EV 93.1 MPH)
Batting: RHB Cody Flowers 0-0: Ball
1-0: Ball
2-0: Called Strike
2-1: Ground out 6-3 (Groundball, 4M, EV 103.8 MPH)
Bottom of the 5th over - 0 runs, 0 hits, 0 errors, 0 left on base; Minnesota 3 - Cleveland 0
TOP OF THE 6TH
Minnesota Twins batting - Pitching for Cleveland Guardians : RHP Ben Cole
Batting: RHB Austin Mickelson 0-0: Foul Ball, location: 2F
0-1: Called Strike
0-2: Ball
1-2: Ground out 5-3 (Groundball, 25, EV 89.4 MPH)
Batting: SHB Bran Stark 0-0: Ground out 3-1 (Groundball, 34S, EV 88.1 MPH)
Batting: RHB José Molina 0-0: Ball
1-0: Called Strike
1-1: Hit by Pitch
Batting: RHB Alex Sandoval 0-0: Ball
1-0: Called Strike
1-1: Swinging Strike
1-2: Strikes out swinging
Top of the 6th over - 0 runs, 0 hits, 0 errors, 1 left on base; Minnesota 3 - Cleveland 0
BOTTOM OF THE 6TH
Cleveland Guardians batting - Pitching for Minnesota Twins : RHP Gerbrand van de Bilt
Batting: RHB Rick O'Reilly 0-0: Called Strike
0-1: Ball
1-1: Swinging Strike
1-2: Ball
2-2: Foul Ball, location: 2F
2-2: Ball
3-2: Base on Balls
Batting: LHB Hector Pedroso 0-0: SINGLE (Line Drive, 9S, EV 94.4 MPH)
Rick O'Reilly to second
Runner from 2nd tries for 3rd, OUT! 9-5
Batting: LHB Arvin Dungca 0-0: Fly out, F9 (Flyball, 9, EV 88.1 MPH)
Batting: LHB Danny Dunham 0-0: Foul Ball, location: 2F
0-1: Foul Ball, location: 2F
0-2: Foul Ball, location: 2F
0-2: Ball
1-2: Foul Ball, location: 2F
1-2: Ball
2-2: Strikes out looking
Bottom of the 6th over - 0 runs, 1 hit, 0 errors, 1 left on base; Minnesota 3 - Cleveland 0
TOP OF THE 7TH
Minnesota Twins batting - Pitching for Cleveland Guardians : RHP Ben Cole
Batting: RHB J.J. Powers 0-0: Ball
1-0: Foul Ball, location: 2F
1-1: Ball
2-1: Ground out 4-3 (Groundball, 4, EV 103.8 MPH)
Pitching: RHP Adrian Serratos
Batting: RHB Miguel Diaz 0-0: Foul Ball, location: 2F
0-1: DOUBLE (Line Drive, 89M, EV 101.2 MPH)
Batting: RHB Hildo Pot 0-0: Called Strike
0-1: Ball
1-1: Called Strike
1-2: Strikes out swinging
Batting: RHB Steve Jordan 0-0: Ball
1-0: Swinging Strike
1-1: Ball
2-1: Ball
3-1: Foul Ball, location: 2F
3-2: Base on Balls
Batting: LHB Chaim Huting 0-0: Foul Ball, location: 2F
0-1: Ball
1-1: Ball
2-1: Fly out, F7 (Flyball, 7S, EV 90.0 MPH)
Top of the 7th over - 0 runs, 1 hit, 0 errors, 2 left on base; Minnesota 3 - Cleveland 0
BOTTOM OF THE 7TH
Cleveland Guardians batting - Pitching for Minnesota Twins : RHP Gerbrand van de Bilt
Batting: RHB Nick Ogle 0-0: Called Strike
0-1: Hit by Pitch
Batting: RHB Hiroshige Yamada 0-0: Grounds into double play, 5-4-3 (Groundball, 56, EV 87.5 MPH)
Batting: RHB Jasper Burd 0-0: Ball
1-0: Called Strike
1-1: Called Strike
1-2: Ball
2-2: Foul Ball, location: 2F
2-2: Foul Ball, location: 2F
2-2: Ball
3-2: Base on Balls
Batting: RHB Christian Blue 0-0: Ball
Jasper Burd steals 2nd base
1-0: Ball
2-0: Called Strike
2-1: SINGLE (Groundball, 56D, EV 105.0 MPH)
Jasper Burd to third
Runner from 3rd tries for Home, SAFE, throw by LF to home
Batting: RHB Cody Flowers 0-0: Ball
1-0: Ball
2-0: SINGLE (Flyball, 5D, EV 85.0 MPH)
Christian Blue to second
Runner from 2nd tries for 3rd, SAFE, throw by LF made to third
Batting: RHB Rick O'Reilly 0-0: Called Strike
0-1: Swinging Strike
0-2: Ball
1-2: Strikes out looking
Bottom of the 7th over - 1 run, 2 hits, 0 errors, 2 left on base; Minnesota 3 - Cleveland 1
TOP OF THE 8TH
Minnesota Twins batting - Pitching for Cleveland Guardians : RHP Adrian Serratos
Batting: RHB Austin Mickelson 0-0: Ball
1-0: Called Strike
1-1: Ball
2-1: Ball
3-1: DOUBLE (Line Drive, 89M, EV 101.2 MPH)
Batting: SHB Bran Stark 0-0: Ball
1-0: Ball
2-0: Swinging Strike
2-1: Ball
3-1: Swinging Strike
3-2: Strikes out swinging
Batting: RHB José Molina 0-0: Called Strike
0-1: Hit by Pitch
Batting: RHB Alex Sandoval 0-0: Ball
1-0: Swinging Strike
1-1: Foul Ball, location: 2F
1-2: Foul Ball, location: 2F
1-2: Strikes out swinging
Batting: RHB J.J. Powers 0-0: Called Strike
0-1: Called Strike
0-2: Strikes out swinging
Top of the 8th over - 0 runs, 1 hit, 0 errors, 2 left on base; Minnesota 3 - Cleveland 1
BOTTOM OF THE 8TH
Cleveland Guardians batting - Pitching for Minnesota Twins : RHP Gerbrand van de Bilt
Pitching: RHP Willie Nieto
Batting: LHB Hector Pedroso 0-0: Called Strike
0-1: Swinging Strike
0-2: Strikes out swinging
Batting: LHB Arvin Dungca 0-0: Called Strike
0-1: Called Strike
0-2: Strikes out swinging
Batting: LHB Danny Dunham 0-0: Ball
1-0: Ball
2-0: Ball
3-0: Base on Balls
Batting: RHB Nick Ogle 0-0: Ball
1-0: Foul Ball, location: 2F
1-1: Foul Ball, location: 2F
1-2: 2-RUN HOME RUN (Flyball, 7D, EV 101.2 MPH), Distance : 369 ft
Batting: RHB Hiroshige Yamada 0-0: Ball
1-0: Called Strike
1-1: Ground out 6-3 (Groundball, 6, EV 108.1 MPH)
Bottom of the 8th over - 2 runs, 1 hit, 0 errors, 0 left on base; Minnesota 3 - Cleveland 3
TOP OF THE 9TH
Minnesota Twins batting - Pitching for Cleveland Guardians : RHP Adrian Serratos
Pitching: RHP Juan Flores
Batting: RHB Miguel Diaz 0-0: Called Strike
0-1: Foul Ball, location: 2F
0-2: SOLO HOME RUN (Flyball, 9D, EV 93.1 MPH), Distance : 371 ft
Batting: RHB Hildo Pot 0-0: Called Strike
0-1: Reached on error, E1 (Groundball, 15S, EV 64.4 MPH)
Batting: RHB Steve Jordan 0-0: Ball
1-0: Ball
2-0: Ball
3-0: Base on Balls
Batting: LHB Chaim Huting 0-0: Ball
1-0: SINGLE (Groundball, 6D, EV 103.1 MPH)
Hildo Pot to third
Steve Jordan to second
Batting: RHB Austin Mickelson 0-0: SINGLE (Groundball, 56, EV 94.4 MPH)
Hildo Pot scores
Steve Jordan to third
Chaim Huting to second
Runner from 3rd tries for Home, SAFE, throw by LF to home
Batting: SHB Bran Stark 0-0: Ball
1-0: Foul Ball, location: 2F
1-1: SINGLE (Line Drive, 6M, EV 95.0 MPH)
Chaim Huting to third
Austin Mickelson to second
Batting: RHB José Molina 0-0: Called Strike
0-1: Foul Ball, location: 2F
0-2: Foul Ball, location: 2F
0-2: Ball
1-2: Strikes out swinging
Batting: RHB Alex Sandoval 0-0: Ball
1-0: Ball
2-0: Ball
3-0: Base on Balls
Chaim Huting scores
Austin Mickelson to third
Bran Stark to second
Pitching: RHP Ben Sedlacek
Batting: RHB J.J. Powers 0-0: Fielders Choice at 2nd, 6-4 (Groundball, 6S, EV 84.4 MPH)
Austin Mickelson scores
Bran Stark to third
Batting: RHB Miguel Diaz 0-0: Fly out, F8 (Line Drive, 8RM, EV 100.0 MPH)
Top of the 9th over - 5 runs, 4 hits, 1 error, 2 left on base; Minnesota 8 - Cleveland 3
BOTTOM OF THE 9TH
Cleveland Guardians batting - Pitching for Minnesota Twins : RHP Willie Nieto
Now at 1B: Jesse Scott
Batting: RHB Jasper Burd 0-0: Foul Ball, location: 2F
0-1: SINGLE (Groundball, 4MD, EV 108.1 MPH)
Batting: RHB Christian Blue 0-0: Ball
1-0: Called Strike
1-1: Ground out 4-3 (Groundball, 34, EV 106.9 MPH)
Jasper Burd to second
Batting: RHB Cody Flowers 0-0: SINGLE (Line Drive, 34D, EV 98.8 MPH)
Jasper Burd to third
Batting: RHB Rick O'Reilly 0-0: Ball
1-0: SINGLE (Line Drive, 4M, EV 94.4 MPH)
Jasper Burd scores
Cody Flowers to second
Batting: LHB Hector Pedroso 0-0: Grounds into double play, U6-3 (Groundball, 4MS, EV 91.9 MPH)
Bottom of the 9th over - 1 run, 3 hits, 0 errors, 1 left on base; Minnesota 8 - Cleveland 4
Thursday, December 15th , 2022 - OOTP Baseball 23.9 Build 102